 Dungeon Crawl Stone Soup version 0.24.0-123-gd5b16e6ec5 (webtiles) character file.

Game seed: 14859691368724141036, levelgen mode: deterministic

16 Jerry the Ruffian (level 2, 29/29 HPs)
             Began as a Troll Monk on Oct 30, 2019.
             Quit the game on level 1 of the Dungeon on Jan 28, 2020.
             The game lasted 00:02:34 (788 turns).

Jerry the Ruffian (Troll Monk)                       Turns: 788, Time: 00:02:34

Health: 29/29      AC:  6    Str: 18    XL:     2   Next: 41%
Magic:  1/1        EV: 10    Int:  6    God:
Gold:   56         SH:  0    Dex: 12    Spells: 1/1 levels left

rFire    . . .     SeeInvis .     - Unarmed
rCold    . . .     Gourm    +   (no shield)
rNeg     . . .     Faith    .   a - +0 robe
rPois    .         Spirit   .   (helmet restricted)
rElec    .         Reflect  .   (no cloak)
rCorr    .         Harm     .   (gloves unavailable)
MR       .....                  (boots unavailable)
Stlth    ++........             (no amulet)
HPRegen  0.49/turn              (no ring)
MPRegen  0.07/turn              (no ring)

@: no status effects
A: large, unfitting armour, claws 3, fast metabolism 3, gourmand, regeneration
1, shaggy fur 1, tough skin 3
a: no special abilities


You were on level 1 of the Dungeon.
You were not hungry.

You visited 1 branch of the dungeon, and saw 1 of its levels.

You collected 56 gold pieces.

Inventory:

Hand Weapons
 n - a +0 whip
Missiles
 m - 3 large rocks (quivered)
Armour
 a - a +0 robe (worn)
Scrolls
 c - 2 scrolls of remove curse {unknown}
 d - a scroll of amnesia {unknown}
 e - 2 scrolls of fog {unknown}
 h - a scroll of identify {unknown}
 i - a scroll of enchant weapon {unknown}
 j - a scroll of magic mapping {unknown}
 k - a scroll of immolation {unknown}
Potions
 f - a potion of ambrosia {unknown}
 l - a potion of flight {unknown}
Comestibles
 b - a ration


   Skills:
 + Level 2.6 Fighting
 + Level 2.6 Dodging
 + Level 1.2 Stealth
 + Level 3.2 Unarmed Combat


You had one spell level left.
You didn't know any spells.
Your spell library was empty.

Dungeon Overview and Level Annotations

Branches:
Dungeon (1/15)

Altars:


Innate Abilities, Weirdness & Mutations

You are too large for most types of armour.
You have claws for hands.
Your metabolism is lightning-fast.
You like to eat raw meat.
Your natural rate of healing is unusually fast.
You are covered in fur. (AC +1)
You have extremely tough skin. (AC +3)


Message History

You open the door.
Found 18 sling bullets.
Search for what [? for help]? .
You are starving!
There are no items here.
Search for what [Enter for "."]?
There is an open door here.
You see here 3 large rocks.
m - 3 large rocks Search for what [Enter for "."]? .
You see here a whip.
n - a whip Drop what? 14/52 slots (_ for help) (? for menu, Esc to quit)
You drop a +0 club.
You need to eat something NOW!
You are too hungry to fight recklessly!
You eat one of the 2 rations.
That ration really hit the spot!
Unknown command.
Unknown command.
Are you sure you want to abandon this character and quit the game? (Confirm with "yes".)

...#..#.# #.#.#.# #.....#..#
...#..#.# #.#.#.# #.#...#..#####
...#..#.# #.#.#.# #.#..##..#....
...#..#.# #.#.#.# #.#..##..'....
...#[...####.#.#.# #.#..##..#....
.............#.#.# #.#....#+#####
.#.#.#.........#.# #.##.#.#.#.# #
.#.#.#.#########.###.##...#.#.# #
)..#.#.#.##...##@.........#.#.# #
.....#.#.#.....#####'###.##.#.# #
######.#.#.....##......#....#.# #
####...#.#....( #......#.##.#.# #
..##.#.#.##... #......'....#.#
..##.#....##'# #......##.###.#
..##.###..##.####......##.....###
..##......#...........###..##....
..#########.###.......###.....###


There were no monsters in sight!

Vanquished Creatures
  A dart slug (D:1)
  4 goblins (D:1)
  A hobgoblin (D:1)
  4 bats (D:1)
  A frilled lizard (D:1)
  2 kobolds (D:1)
  2 rats (D:1)
15 creatures vanquished.

Notes
Turn   | Place    | Note
-------+----------+-------------------------------------------
     0 | D:1      | Jerry the Troll Monk began the quest for the Orb.
     0 | D:1      | Reached XP level 1. HP: 22/22 MP: 0/0
     0 | D:1      | Upgraded the game from 0.24.0-2-g5b39cebb1c to
                  | 0.24.0-123-gd5b16e6ec5
   331 | D:1      | Reached XP level 2. HP: 29/29 MP: 1/1
   788 | D:1      | Quit the game

Levels and vault maps discovered:
D:1:      noname_arrival_rooms_in_the_neighbourhood, layout_basic, nrook_uturn

Action                   || total
-------------------------++-------
Melee: Unarmed           ||    28
 Stab: Sleeping          ||     1
  Eat: Chunk             ||     2
       Ration            ||     1
Armor: Robe              ||     8
Dodge: Dodged            ||    10
